 Dungeon Crawl Stone Soup version 0.17.0-18-gaab0e96 (console) character file.

20 gw the Magician (level 3, -2/26 HPs)
             Began as a Human Wizard on Nov 11, 2015.
             Killed from afar by an oklob plant (9 damage)
             ... with a splash of acid
             ... on level 2 of the Dungeon.
             The game lasted 00:01:14 (1798 turns).

gw the Magician (Human Wizard)                      Turns: 1798, Time: 00:01:14

Health: -2/26      AC: -1    Str:  7    XL:     3   Next: 0%
Magic:  0/7        EV: 12    Int: 19    God:
Gold:   77         SH:  0    Dex: 11    Spells: 1 memorised, 7 levels left

rFire  . . .     SeeInvis .     a - +2 dagger (speed)
rCold  . . .     Clarity  .     f - +0 robe
rNeg   . . .     SustAt   .     (no shield)
rPois  .         Gourm    .     e - +0 hat
rElec  .         Spirit   .     (no cloak)
rCorr  .         Warding  .     (no gloves)
rMut   .         Stasis   .     (no boots)
MR     .....                    (no amulet)
Stlth  ++........               (no ring)
                                (no ring)

@: corroded equipment, not resistant to hostile enchantments, unstealthy
A: no striking features
a: no special abilities


You were on level 2 of the Dungeon.
You were hungry.

You visited 1 branch of the dungeon, and saw 2 of its levels.

You collected 77 gold pieces.

Inventory:

Hand Weapons
 a - a +2 dagger of speed (weapon)
 b - a +0 hunting sling
Missiles
 g - 42 sling bullets
 h - 15 stones (quivered)
Armour
 e - a +0 hat (worn)
 f - a +0 robe (worn)
Books
 c - a book of Minor Magic

   Spells                             Type                      Level
   a - Magic Dart                     Conjuration                  1
   b - Blink                          Translocation                2
   c - Call Imp                       Summoning                    2
   d - Repel Missiles                 Charms/Air                   2
   e - Slow                           Hexes                        2
   f - Conjure Flame                  Conjuration/Fire             3
   g - Mephitic Cloud                 Conjuration/Poison/Air       3
Comestibles
 d - 2 bread rations


   Skills:
 + Level 1.4 Fighting
 + Level 0.4 Short Blades
 + Level 0.4 Armour
 - Level 2.0 Dodging
 - Level 2.0 Stealth
 + Level 3.2 Spellcasting
 * Level 1.2 Conjurations
   Level 1.0 Summonings
   Level 1.0 Translocations


You had 7 spell levels left.
You knew the following spells:

 Your Spells              Type           Power        Failure   Level  Hunger
a - Magic Dart            Conj           #...         10%         1    None


Dungeon Overview and Level Annotations

Branches:
Dungeon (2/15)

Altars:
Fedhas


Message History

Unknown command.
Unknown command.
Unknown command.
ATTACK MOVE TO (1,-1)
You hit the oklob plant but do no damage.
Unknown command.
Unknown command.
Unknown command.
Unknown command.
ATTACK MOVE TO (1,-1)
You hit the oklob plant but do no damage.
Unknown command.
Unknown command.
Unknown command.
Unknown command.
ATTACK MOVE TO (1,-1)
You hit the oklob plant but do no damage.
The oklob plant spits acid at you. The splash of acid hits you!
You die... ### ### #### PPP.#PP##P#P# P.PP#P#.%PPP# PPPPPP..p%PP# ##PPPPPP..%P#

.....#P.PPPP#
~.~~..#.PPPP#
~~.~~~...PPPP#
~~~.~~~~..PPPP#
~~~~.~~~~~..PPP#
.~~~~...~~~~.#####
P.~~~~._.~~~~.P#P.#


You could see an oklob plant.

Table legend:
 A = Turns spent in this place as a percentage of turns spent in the entire game.
 B = Non-inter-level travel turns spent in this place as a percentage of non-inter-level travel turns spent in the entire game.
 C = Inter-level travel turns spent in this place as a percentage of turns spent in this place.
 D = Turns resting spent in this place as a percentage of non-inter-level travel turns spent in this place.
 E = Turns spent auto-exploring this place as a percentage of non-inter-level travel turns spent in this place.
 F = Non-inter-level travel turns spent in this place divided by the number of levels of this place that you've seen.
                   A       B       C       D       E      F
               +-------+-------+-------+-------+-------+----------------------
         Total | 100.0 | 100.0 |   0.5 |   2.8 |   1.7 | 871.5
       Dungeon | 100.0 | 100.0 |   0.5 |   2.8 |   1.7 | 871.5
               +-------+-------+-------+-------+-------+----------------------

Table legend:
 A = Kills in this place as a percentage of kills in entire the game.
 B = Kills by you in this place as a percentage of kills by you in the entire game.
 C = Kills by friends in this place as a percentage of kills by friends in the entire game.
 D = Other kills in this place as a percentage of other kills in the entire game.
 E = Experience gained in this place as a percentage of experience gained in the entire game.
 F = Experience gained in this place divided by the number of levels of this place that you have seen.
                   A       B       C       D       E      F
               +-------+-------+-------+-------+-------+----------------------
         Total | 100.0 | 100.0 |  -nan |  -nan | 100.0 |  14.5
       Dungeon | 100.0 | 100.0 |  -nan |  -nan | 100.0 |  14.5
               +-------+-------+-------+-------+-------+----------------------

Vanquished Creatures
  2 ball pythons (D:1)
  2 giant cockroaches (D:1)
  4 hobgoblins (D:1)
  4 jackals (D:1)
  A giant newt (D:2)
  A goblin (D:1)
  3 kobolds
  2 fungi (D:2)
19 creatures vanquished.

Notes
Turn   | Place    | Note
--------------------------------------------------------------
     0 | D:1      | gw the Human Wizard began the quest for the Orb.
     0 | D:1      | Reached XP level 1. HP: 13/13 MP: 4/4
   718 | D:1      | Reached XP level 2. HP: 8/20 MP: 0/6
   986 | D:1      | Reached skill level 1 in Fighting
  1612 | D:2      | Reached XP level 3. HP: 22/26 MP: 1/7
  1725 | D:2      | Found a blossoming altar of Fedhas.
  1735 | D:2      | Noticed an oklob plant
  1798 | D:2      | Killed from afar by an oklob plant

Action                   || total
-------------------------++-------
Melee: Short sword       ||    17
       Dagger            ||    46
 Fire: Hunting sling     ||     1
 Cast: Magic Dart        ||    57
  Eat: Chunk             ||     2

Vault maps used:
D:1:      ncdulo_wetmaze, st_stairs_8, solitary_fountain
D:2:      tgw_fedhas
